 Dungeon Crawl Stone Soup version 0.27.1-33-g824d729ab1 (webtiles) character file.

Game seed: 2438219731574733603

263 piimaboy the Covered (level 5, -3/46 HPs)
             Began as a Minotaur Fighter on Dec 15, 2021.
             Slain by a gnoll sergeant (7 damage)
             ... on level 5 of the Dungeon.
             The game lasted 00:24:37 (3242 turns).

piimaboy the Covered (Minotaur Fighter)             Turns: 3242, Time: 00:24:37

Health: -3/46      AC: 10    Str: 22    XL:     5   Next: 98%
Magic:  4/4        EV:  9    Int:  5    God:
Gold:   160        SH:  9    Dex:  9    Spells: 4/4 levels left

rFire    . . .     SeeInvis .   m - +1 mace (holy)
rCold    + . .     Faith    .   c - +0 kite shield
rNeg     + . .     Spirit   .   h - +2 leather armour {rN+}
rPois    .         Reflect  .   (helmet restricted)
rElec    .         Harm     .   (no cloak)
rCorr    .         Rampage  .   f - +0 pair of gloves
Will     .....                  (no boots)
Stlth    +.........             (no amulet)
HPRegen  0.15/turn              l - ring of protection from cold
MPRegen  0.09/turn              q - +4 ring of protection

@: no status effects
A: horns 2, retaliatory headbutt
a: no special abilities


You were on level 5 of the Dungeon.
You visited 1 branch of the dungeon, and saw 7 of its levels.

You collected 160 gold pieces.

Inventory:

Hand Weapons
 a - a +0 flail
 m - a +1 mace of holy wrath (weapon)
Missiles
 i - 29 arrows
 j - 5 javelins (quivered)
 p - 16 bolts
Armour
 c - a +0 kite shield (worn)
 f - a +0 pair of gloves (worn)
 h - a +2 leather armour of positive energy (worn)
Jewellery
 l - a ring of protection from cold (left hand)
 n - a ring of flight
 q - a +4 ring of protection (right hand)
Scrolls
 e - 3 scrolls of identify
 g - 2 scrolls of teleportation
Potions
 b - a potion of brilliance
 d - a potion of flight {unknown}


   Skills:
 + Level 4.1 Fighting
 + Level 4.6 Maces & Flails
 + Level 5.3 Armour
 + Level 1.9 Dodging
 + Level 0.6 Stealth
 + Level 4.6 Shields


You had 4 spell levels left.
You didn't know any spells.
Your spell library was empty.

Dungeon Overview and Level Annotations

Branches:
Dungeon (7/15)
 Temple: D:4-7

Altars:
Qazlal
Sif Muna


Innate Abilities, Weirdness & Mutations

You have a pair of horns on your head.
You reflexively headbutt those who attack you in melee.


Message History

The gnoll sergeant hits you from afar with a +0 trident.
The gnoll closely misses you. You block the gnoll's attack.
The gnoll sergeant hits you from afar with a +0 trident!
You closely miss the gnoll. You headbutt the gnoll.
You kill the gnoll!
The gnoll barely misses you.
The gnoll sergeant hits you from afar with a +0 trident.
You block the gnoll's attack.
The gnoll sergeant hits you from afar with a +0 trident.
Throw: throwing net
Press: ? - help, Q - select action, (/) - cycle Shift-Dir - straight line, f - gnoll
Aim: a gnoll, wielding a +0 halberd (60% to hit)
You throw a throwing net.
The throwing net closely misses the gnoll.
The gnoll hits you from afar with a +0 halberd.
You hit the gnoll sergeant. You headbutt the gnoll sergeant.
The gnoll sergeant is heavily wounded.
The gnoll hits you from afar with a +0 halberd.
You block the gnoll sergeant's attack.
The gnoll hits you from afar with a +0 halberd.
You barely miss the gnoll sergeant. You headbutt the gnoll sergeant.
The gnoll sergeant is severely wounded.
The gnoll sergeant hits you with a +0 trident.
The gnoll closely misses you. You block the gnoll sergeant's attack.
You hit the gnoll sergeant but do no damage.
The gnoll sergeant is severely wounded.
The gnoll hits you from afar with a +0 halberd!
* * * LOW HITPOINT WARNING * * *
You block the gnoll sergeant's attack. You block the gnoll's attack.
You sock the gnoll sergeant!
Your headbutt misses the gnoll sergeant.
The gnoll sergeant is almost dead.
The gnoll sergeant hits you but does no damage.
You block the gnoll's attack. You block the gnoll sergeant's attack.
Your shield prevents you from hitting the gnoll sergeant.
The gnoll sergeant is almost dead.
The gnoll hits you from afar with a +0 halberd.
* * * LOW HITPOINT WARNING * * *
The gnoll sergeant hits you with a +0 trident!
You die...

.. #. ##..
...# #..#
#..## #.g#
##g####.#
##@....#
#..###.#
....#
......#
......#..
.....###..
....# ..
...# .##


You could see a gnoll sergeant and a gnoll.

Vanquished Creatures
  A sky beast (D:3)
  A bullfrog (D:7)
  2 gnolls (D:5)
  2 adders (D:3)
  2 worms (D:3)
  4 ball pythons
  6 bats
  4 endoplasms
  2 giant cockroaches
  6 goblins
  4 jackals (D:2)
  4 quokkas
  5 frilled lizards
  7 kobolds
  10 rats
60 creatures vanquished.

Vanquished Creatures (others)
  3 fungi (D:3)
  9 plants (D:3)
12 creatures vanquished.

Grand Total: 72 creatures vanquished

Notes
Turn   | Place    | Note
-------+----------+-------------------------------------------
     0 | D:1      | piimaboy the Minotaur Fighter began the quest for the Orb.
     0 | D:1      | Reached XP level 1. HP: 19/19 MP: 0/0
   227 | D:1      | Reached XP level 2. HP: 26/27 MP: 1/1
   261 | D:1      | You fall into a shaft and drop 1 floor!
   313 | D:2      | Reached skill level 4 in Armour
  1404 | D:1      | Reached XP level 3. HP: 33/33 MP: 2/2
  2275 | D:3      | Found a stormy altar of Qazlal.
  2289 | D:3      | Reached skill level 1 in Dodging
  2289 | D:3      | Reached XP level 4. HP: 40/40 MP: 3/3
  2361 | D:3      | Noticed a sky beast
  2383 | D:3      | Killed a sky beast
  2384 | D:3      | Reached skill level 5 in Armour
  2384 | D:3      | Reached XP level 5. HP: 20/46 MP: 4/4
  2499 | D:3      | Found a faded altar of an unknown god.
  3131 | D:4      | You fall into a shaft and drop 3 floors!
  3140 | D:7      | Noticed a phantom
  3205 | D:6      | Found a shimmering blue altar of Sif Muna.
  3227 | D:5      | Entered Level 5 of the Dungeon
  3242 | D:5      | Slain by a gnoll sergeant

Illustrated notes

Levels and vault maps discovered:
D:1:      psy_arrival_conway, layout_loops_ring
D:2:      layout_basic
D:3:      layout_loops_ring, mainiacjoe_overflow_chevrons,
          shapermc_ecumenical_altar_mp_urbaneastern, serial_glass,
          glass_columns_b, glass_columns_a
D:4:      minmay_general_purpose_star, layout_basic, minmay_temple_entry_hall,
          grunt_ministairs_6, uniq_pikel, uniq_sigmund
D:5:      layout_layer_cave, nemelex_diamond_rough_becter
D:6:      layout_cave_pods, mainiacjoe_overflow_tiny_flanked,
          nicolae_uskayaw_dance_hall, nicolae_gozag_zags_fifth_avenue,
          gup_ossuary_entry_pyramid, chequers_hall_statues_wall_a
D:7:      minmay_the_grid_octo_tiled_squarecenter [minmay_the_grid_octo_empty,
          minmay_the_grid_octo_clover, minmay_the_grid_octo_shrine,
          minmay_the_grid_octo_fat_diamond,
          minmay_the_grid_square_5x5_megaprize_hollow,
          minmay_the_grid_square_5x5_spiral, minmay_the_grid_square_5x5_detours,
          minmay_the_grid_square_5x5_plus,
          minmay_the_grid_square_5x5_three_small], layout_cave_pools

Skill      XL: |  1  2  3  4 |
---------------+-------------+-----
Armour         | 4 5 |  5.3
Maces & Flails | 3 4 |  4.6
Shields        | 4 |  4.6
Dodging        | 1 |  1.9
Fighting       | 4 |  4.1
Stealth        | |  0.6

Action                   |  1- 3 |  4- 6 || total
-------------------------+-------+-------++-------
Melee: Flail             |    57 |       ||    57
       Headbutt          |     9 |     9 ||    18
       Mace              |    60 |    56 ||   116
Throw: Throwing net      |       |     2 ||     2
  Use: Scroll            |     4 |       ||     4
       Potion            |     3 |     1 ||     4
Armor: Scale mail        |    57 |    18 ||    75
       Leather armour    |       |     2 ||     2
Dodge: Dodged            |    31 |    14 ||    45
Block: Kite shield       |    51 |    33 ||    84
